 Dungeon Sprint DCSS version 0.21-a0-213-gae198ad (webtiles) character file.

1100000 Glitchraptor the Slayer (level 16, 72/200 HPs)
             Began as a Troll Fighter on Aug 22, 2017.
             Quit the game in the Dungeon (Sprint VIII: "Arena of Blood").
             The game lasted 00:00:34 (11 turns).

Glitchraptor the Slayer (Troll Fighter)               Turns: 11, Time: 00:00:34

Health: 72/200     AC:  5    Str: 28    XL:     16   Next: 27%
Magic:  15/15      EV: 24    Int:  4    God:
Gold:   0          SH:  0    Dex: 14    Spells: 15/15 levels left

rFire    . . .     SeeInvis .   l - +∞ Axe of Woe
rCold    . . .     Gourm    +   (shield currently unavailable)
rNeg     . . .     Faith    .   b - +0 robe
rPois    .         Spirit   .   (helmet restricted)
rElec    .         Reflect  .   (no cloak)
rCorr    .         Harm     .   (gloves unavailable)
MR       +....     NoTele   +   (boots unavailable)
Stlth    +.........             (no amulet)
HPRegen  0.83/turn              (no ring)
MPRegen  0.14/turn              (no ring)

@: no status effects
A: unfitting armour, claws 3, fast metabolism 3, gourmand, regeneration 1,
shaggy fur 1, tough skin 2
a: no special abilities


You were in the Dungeon.
You were not hungry.

You visited 1 branch

Inventory:

Hand Weapons
 a - a +0 war axe
 l - the +∞ Axe of Woe (weapon)
   (You found it in the Dungeon)
Armour
 b - a +0 robe (worn)
 c - a +0 shield
Scrolls
 k - a scroll of blinking
Potions
 d - a potion of might
 e - a potion of curing
 g - a potion of heal wounds
 h - a potion of haste
 i - 2 potions of magic
 j - a potion of berserk rage
Comestibles
 f - 2 bread rations


   Skills:
 + Level 22.2 Fighting
 + Level 15.7 Axes
 + Level 22.0 Dodging
 + Level 21.0 Shields


You had 15 spell levels left.
You didn't know any spells.

Dungeon Overview and Level Annotations

Branches:
Dungeon (1/1)

Altars:
Makhleb


Innate Abilities, Weirdness & Mutations

You are too large for most types of armour.
You have claws for hands.
Your metabolism is lightning-fast.
You like to eat raw meat.
Your natural rate of healing is unusually fast.
You are covered in fur. (AC +1)
You have very tough skin. (AC +2)


Message History

You have reached level 15!
Your experience leads to an increase in your attributes!
Increase (S)trength, (I)ntelligence, or (D)exterity?
You feel agile.
You feel stronger.
You slice the bag of meat!!
You fatally mangle the bag of meat.
You kill the bag of meat!
Your Fighting skill increases to level 21!
Your Axes skill increases to level 15!
Your Dodging skill increases to level 21!
Your Shields skill increases to level 20!
You slash the bag of meat!
You dissect the bag of meat like a pig carcass.
You kill the bag of meat!
Your Fighting skill increases to level 22!
Your Dodging skill increases to level 22!
Your Shields skill increases to level 21!
You have reached level 16!
You hear a shout! x8 2 ogres come into view.
Are you sure you want to abandon this character and quit the game? (Confirm with "yes".)

... oo #.. .# .
#.. ..# ..###..
..###.
......###......
.O..._......
#..oo.# #_@<._#
#).)..#
....._......
......###......
.O###.. ..###.
. #.. ..# #..
.# O.. ..


You could see 3 meat berserkers and 2 bags of meat.

Vanquished Creatures
  2 ogres (D)
  5 orcs (D)
7 creatures vanquished.

Notes
Turn   | Place    | Note
-------+----------+-------------------------------------------
     0 | D        | Found the +∞ Axe of Woe
     0 | D        | Glitchraptor the Troll Fighter began the quest for the Orb.
     0 | D        | Reached XP level 1. HP: 22/22 MP: 0/0
     2 | D        | Noticed a bag of meat
     2 | D        | Noticed a bag of meat
     4 | D        | Noticed a bag of meat
     4 | D        | Noticed a meat berserker
     5 | D        | Noticed a meat berserker
     6 | D        | Noticed a bag of meat
     6 | D        | Noticed a bag of meat
     7 | D        | Noticed a bag of meat
     7 | D        | Noticed a bag of meat
     8 | D        | Killed a bag of meat
     8 | D        | Reached XP level 2. HP: 54/54 MP: 1/1
     8 | D        | Reached XP level 3. HP: 62/62 MP: 2/2
     8 | D        | Reached XP level 4. HP: 71/71 MP: 3/3
     8 | D        | Reached XP level 5. HP: 79/79 MP: 4/4
     8 | D        | Reached XP level 6. HP: 88/88 MP: 5/5
     8 | D        | Reached XP level 7. HP: 96/96 MP: 6/6
     8 | D        | Reached XP level 8. HP: 105/105 MP: 7/7
     8 | D        | Reached XP level 9. HP: 113/113 MP: 8/8
     8 | D        | Reached XP level 10. HP: 122/122 MP: 9/9
     8 | D        | Reached XP level 11. HP: 130/130 MP: 10/10
     9 | D        | Noticed a meat berserker
     9 | D        | Killed a meat berserker
     9 | D        | Reached XP level 12. HP: 121/148 MP: 11/11
     9 | D        | Reached XP level 13. HP: 128/157 MP: 12/12
     9 | D        | Killed a bag of meat
     9 | D        | Reached XP level 14. HP: 139/170 MP: 13/13
     9 | D        | Killed a bag of meat
    10 | D        | Killed a meat berserker
    10 | D        | Reached XP level 15. HP: 66/185 MP: 14/14
    10 | D        | Reached skill level 15 in Axes
    10 | D        | Reached XP level 16. HP: 71/200 MP: 15/15
    11 | D        | Noticed a meat berserker
    11 | D        | Noticed a meat berserker
    11 | D        | Quit the game

Vault maps used:
D:        meatsprint

Skill      XL: |  1  2  3  4  5  6  7  8  9 10 11 12 13 14 15 |
---------------+----------------------------------------------+-----
Fighting       | 14 17 18 20 22 | 22.2
Axes           | 8 11 12 14 15 | 15.7
Dodging        | 13 17 18 20 22 | 22.0
Shields        | 13 16 17 19 21 | 21.0

Action                   |  1- 3 |  4- 6 |  7- 9 | 10-12 | 13-15 | 16-18 || total
-------------------------+-------+-------+-------+-------+-------+-------++-------
Melee: Executioner's axe |     1 |       |       |     1 |     1 |       ||     3
Armor: Robe              |       |       |       |     1 |       |       ||     1

Table legend:
 A = Spawn XP
 B = Non-spawn XP
 C = Spawn XP percentage of total XP
 D = Spawn monster count
 E = Non-spawn monster count
 F = Spawn count percentage of total count
 G = Total turns spent on level
                    A         B        C        D         E        F      G
               +---------+---------+-------+---------+---------+-------+---------
         Total |       0 |  170280 |   0.0 |       0 |       7 |   0.0 |    11
               +---------+---------+-------+---------+---------+-------+---------
             D |       0 |  170280 |   0.0 |       0 |       7 |   0.0 |    11
               +---------+---------+-------+---------+---------+-------+---------
